 Dungeon Crawl Stone Soup version 0.24-a0-201-gf205589 (webtiles) character file.

Game seed: 15536854953607580034

389 Borgoz the Ducker (level 6, -2/50 (51) HPs)
             Began as a Ghoul Gladiator on Mar 23, 2019.
             Was an Initiate of Ashenzari.
             Slain by a wyvern (16 damage)
             ... on level 4 of the Dungeon.
             The game lasted 00:07:35 (4377 turns).

Borgoz the Ducker (Ghoul Gladiator)                 Turns: 4377, Time: 00:07:36

HP:   -2/50 (51)    AC:  7    Str: 18    XL:     6   Next: 79%
MP:   7/7           EV: 12    Int:  4    God:    Ashenzari [......]
Gold: 193           SH:  0    Dex: 11    Spells: 7/7 levels left

rFire    . . .     SeeInvis .   a - +1 rapier
rCold    + . .     Gourm    .   (no shield)
rNeg     + + +     Faith    .   n - +0 ring mail
rPois    ∞         Spirit   .   c - +1 helmet
rElec    .         Reflect  .   (no cloak)
rCorr    .         Harm     .   (no gloves)
MR       .....                  (no boots)
Stlth    +.........             (no amulet)
HPRegen  0.00/turn              (no ring)
MPRegen  0.10/turn              (no ring)

@: rotting
A: rotting body, claws 1, carnivore, cold resistance 1, negative energy
resistance 3, inhibited regeneration, torment resistance, unbreathing
a: Curse Item, Renounce Religion


You were on level 4 of the Dungeon.
You worshipped Ashenzari.
Ashenzari was noncommittal.
You were not hungry.

You visited 2 branches of the dungeon, and saw 6 of its levels.

You collected 193 gold pieces.

Inventory:

Hand Weapons
 a - a +1 rapier (weapon)
 q - a +1 dagger of speed
 t - a +0 rapier
Missiles
 d - a throwing net (quivered)
 h - 48 poisoned needles
 i - 2 tomahawks
Armour
 c - a +1 helmet (worn)
 n - a +0 ring mail (worn)
Wands
 u - a wand of paralysis (11)
 y - a wand of flame (12)
 z - a wand of iceblast (5)
 A - a wand of random effects (18)
Scrolls
 k - 2 scrolls of remove curse
 m - a scroll of teleportation
 p - a scroll of enchant armour
Potions
 v - 2 potions of resistance
Comestibles
 f - 10 rations


   Skills:
 + Level 3.2 Fighting
 * Level 3.8 Short Blades
 + Level 2.5 Throwing
 * Level 2.5 Armour
 * Level 3.8 Dodging
 + Level 2.1 Stealth
 + Level 1.3 Spellcasting


You had 7 spell levels left.
You didn't know any spells.
Your spell library was empty.

Dungeon Overview and Level Annotations

Branches:
Dungeon (5/15)             Temple (1/1) D:4

Altars:
Ashenzari
Cheibriados
Dithmenos
Elyvilon
Fedhas
Hepliaklqana
Kikubaaqudgha
Makhleb
Okawaru
Trog
Uskayaw
Wu Jian
Xom
Yredelemnul
Zin
The Shining One

Annotations:
D:5 Menkaure


Innate Abilities, Weirdness & Mutations

Your body is rotting away.
You thrive on raw meat.
You are immune to poison.
You have sharp fingernails.
You are carnivorous and can eat meat at any time.
Your flesh is cold resistant. (rC+)
You are immune to negative energy. (rN+++)
You do not regenerate when monsters are visible.
You are immune to unholy pain and torment.
You can survive without breathing.


Message History

You hit the wyvern.
The wyvern is heavily wounded.
The wyvern bites you but does no damage.
You hit the wyvern but do no damage.
The wyvern is heavily wounded.
The wyvern closely misses you. x2
You closely miss the wyvern.
The wyvern is heavily wounded.
The wyvern bites you. x2
You barely miss the wyvern.
The wyvern is heavily wounded.
The wyvern bites you!
You hit the wyvern.
The wyvern is severely wounded.
The wyvern misses you. The wyvern bites you.
* * * LOW HITPOINT WARNING * * *
You puncture the wyvern!
The wyvern is almost dead.
The wyvern bites you!
You die...

#..# #..##.....##.....####..
#..#########..##.#####.....#
#.. #.........###.##..#
#.....# #..
..#######.###.###.####.....#
#.. ### #..##.###(..##.....#
### # ##.##..####.##.....#
### # #........#..#.....#
##.< #
####...>..........###.(# #
#...@l...#.........## #
###)....#........##### #
###......##......###
#########>.............###
....(.....##.#.######..#
############.#.# #### #....#
######


You could see a wyvern.

Vanquished Creatures
  A howler monkey (D:5)
  A bullfrog zombie (D:3)
  A hound (D:4)
  A worker ant (D:4)
  2 orc wizards (D:4)
  11 adders
  An ooze (D:3)
  2 worms
  A dart slug (D:3)
  4 leopard geckos
  11 orcs
  A ball python (D:2)
  5 giant cockroaches
  9 goblins
  5 hobgoblins
  11 jackals
  7 kobolds
  5 quokkas
  3 bats
  7 frilled lizards
  A leopard gecko skeleton (D:4)
  2 quokka skeletons
  4 rats
96 creatures vanquished.

Notes
Turn   | Place    | Note
-------+----------+-------------------------------------------
     0 | D:1      | Borgoz the Ghoul Gladiator began the quest for the Orb.
     0 | D:1      | Reached XP level 1. HP: 17/17 MP: 0/0
   379 | D:1      | Reached XP level 2. HP: 20/24 MP: 1/1
   767 | D:2      | Reached XP level 3. HP: 19/30 MP: 2/2
   863 | D:2      | Reached skill level 1 in Armour
   980 | D:2      | Found a basalt altar of Yredelemnul.
  1066 | D:2      | Reached skill level 1 in Stealth
  1066 | D:2      | Reached XP level 4. HP: 21/37 MP: 3/3
  1668 | D:2      | Found a blossoming altar of Fedhas.
  1907 | D:3      | Found a shattered altar of Ashenzari.
  1920 | D:3      | Became a worshipper of Ashenzari the Shackled
  2259 | D:3      | Reached XP level 5. HP: 39/42 MP: 5/5
  2746 | D:3      | Reached skill level 1 in Spellcasting
  2904 | D:4      | Reached XP level 6. HP: 44/51 MP: 6/6
  3253 | D:4      | Found a staircase to the Ecumenical Temple.
  3282 | Temple   | Entered the Ecumenical Temple
  3617 | D:5      | Entered Level 5 of the Dungeon
  3630 | D:5      | Noticed a wyvern
  3631 | D:5      | Noticed Menkaure
  4377 | D:4      | Slain by a wyvern

Levels and vault maps discovered:
D:1:      minmay_arrival_arboretum_small, layout_loops_ring
D:2:      layout_basic, overflow_temple_1_default, fedhas_altar_4, first_ration
D:3:      kb_forest_paths, layout_loops_corners, hangedman_abyss_or_decor_stabs,
          ashenzari_altar_1
D:4:      layout_rooms, temple_fountains
D:5:      layout_basic, lemuel_coloured_pillars_altar, okawaru_trees_2,
          uniq_menkaure
Temple:   eino_temple_water

Skill      XL: |  1  2  3  4  5  6 |
---------------+-------------------+-----
Dodging        | 3 |  3.8
Armour         | 1 2 |  2.5
Short Blades   | 3 |  3.8
Throwing       | 2 |  2.5
Stealth        | 1 2 |  2.1
Spellcasting   | 1 |  1.3
Fighting       | 3 |  3.2

Action                   |  1- 3 |  4- 6 || total
-------------------------+-------+-------++-------
Melee: Rapier            |   104 |   378 ||   482
Throw: Throwing net      |       |     3 ||     3
  Use: Scroll            |     3 |    13 ||    16
       Potion            |       |     5 ||     5
  Eat: Chunk             |     8 |    21 ||    29
Armor: Leather armour    |    23 |    18 ||    41
       Ring mail         |       |   111 ||   111
Dodge: Dodged            |    70 |   244 ||   314

Table legend:
 A = Non-vault XP
 B = Vault XP
 C = Vault XP percentage of total XP
 D = Non-vault monster count
 E = Vault monster count
 F = Vault count percentage of total count
                 A         B        C        D         E       F
            +---------+---------+-------+---------+---------+-------
      Total |     546 |      11 |   2.0 |      91 |       5 |   5.2
            +---------+---------+-------+---------+---------+-------
        D:1 |      12 |       0 |   0.0 |       7 |       0 |   0.0
        D:2 |     107 |       0 |   0.0 |      33 |       0 |   0.0
        D:3 |     134 |      11 |   7.6 |      23 |       5 |  17.9
        D:4 |     232 |       0 |   0.0 |      25 |       0 |   0.0
        D:5 |      61 |       0 |   0.0 |       3 |       0 |   0.0
            +---------+---------+-------+---------+---------+-------
